 Dungeon Crawl Stone Soup version 0.21-a0-241-g2cbab09 (webtiles) character file.

54 Chiseanne the Magician (level 3, -1/28 HPs)
             Began as a Mummy Wanderer on Sept 3, 2017.
             Slain by Natasha (8 damage)
             ... on level 2 of the Dungeon.
             The game lasted 00:03:10 (2198 turns).

Chiseanne the Magician (Mummy Wanderer)             Turns: 2198, Time: 00:03:11

Health: -1/28      AC:  3    Str: 16    XL:     3   Next: 66%
Magic:  8/8        EV: 12    Int:  9    God:
Gold:   42         SH:  0    Dex: 13    Spells: 10/10 levels left

rFire    x . .     SeeInvis .   h - +0 short sword
rCold    + . .     Gourm    .   (no shield)
rNeg     + + +     Faith    .   d - +0 robe
rPois    ∞         Spirit   .   k - +0 helmet
rElec    .         Reflect  .   (no cloak)
rCorr    .         Harm     .   (no gloves)
MR       .....                  (no boots)
Stlth    +.........             (no amulet)
HPRegen  0.09/turn              (no ring)
MPRegen  0.11/turn              (no ring)

@: no status effects
A: no food or potions, fire vulnerability, cold resistance 1, negative energy
resistance 3, torment resistance, unbreathing
a: no special abilities


You were on level 2 of the Dungeon.
You were not hungry.

You visited 1 branch of the dungeon, and saw 2 of its levels.

You collected 42 gold pieces.

Inventory:

Hand Weapons
 h - a +0 short sword (weapon)
Missiles
 e - 12 bolts
 g - 33 stones (quivered)
 i - 2 exploding tomahawks
 l - 11 arrows
 o - 14 poisoned needles
Armour
 d - a +0 robe (worn)
 k - a +0 helmet (worn)
Wands
 a - a wand of flame (12/48)
Scrolls
 f - a scroll of identify
Books
 b - the Incunabulum of the Compass

   Spells                             Type                      Level
   a - Apportation                    Translocation                1
   b - Gell's Gravitas                Translocation                3
 c - Teemnoc's Papyrus of the Arsonist

   Spells                             Type                      Level
   a - Flame Tongue                   Conjuration/Fire             1
   b - Inner Flame                    Hexes/Fire                   3


   Skills:
 * Level 2.6 Fighting
   Level 1.5 Axes
 - Level 1.0 Throwing
 * Level 1.7 Dodging
 - Level 4.0 Spellcasting
   Level 1.0 Conjurations
   Level 1.0 Earth Magic
 - Level 1.0 Evocations


You had 10 spell levels left.
You didn't know any spells.

Dungeon Overview and Level Annotations

Branches:
Dungeon (2/15)

Altars:

Annotations:
D:2 Natasha


Innate Abilities, Weirdness & Mutations

You do not eat or drink.
Your flesh is vulnerable to fire.
You are immune to poison.
Your flesh is cold resistant. (rC+)
You are immune to negative energy. (rN+++)
You are immune to unholy pain and torment.
You can survive without breathing.


Message History

Aiming: Throw Flame
Press: ? - help, Shift-Dir - straight line, f - Natasha
Aim: Natasha (lightly wounded)
The puff of flame misses Natasha.
This wand has 14 charges left.
Natasha claws you but does no damage.
Evoke which item? (* to show all) (? for menu, Esc to quit)
Aiming: Throw Flame
Press: ? - help, Shift-Dir - straight line, f/p - Natasha
Aim: Natasha (lightly wounded)
The puff of flame hits Natasha.
Natasha is moderately wounded.
This wand has 13 charges left.
Natasha claws you but does no damage.
Evoke which item? (* to show all) (? for menu, Esc to quit)
Aiming: Throw Flame
Press: ? - help, Shift-Dir - straight line, f/p - Natasha
Aim: Natasha (moderately wounded)
The puff of flame hits Natasha.
Natasha is heavily wounded.
This wand has 12 charges left.
Natasha claws you!
You die...

#####.#
###......#
#.@...#
#.#h#.#
#.#.#.#
#.#...#
#.###.# ..
#.###.##.#
#.....##.#
###...##.#
###...##.#
## ..


You could see Natasha.

Vanquished Creatures
  2 oozes (D:1)
  A worm (D:2)
  A dart slug (D:2)
  A leopard gecko (D:2)
  6 bats
  2 giant cockroaches (D:1)
  6 goblins (D:1)
  4 hobgoblins (D:1)
  2 jackals (D:1)
  4 kobolds (D:1)
  4 frilled lizards (D:1)
  3 rats (D:1)
36 creatures vanquished.

Notes
Turn   | Place    | Note
-------+----------+-------------------------------------------
     0 | D:1      | Chiseanne the Mummy Wanderer began the quest for the Orb.
     0 | D:1      | Chiseanne set off with: a wand of flame (15/48), the Incunabulum of the Compass, Teemnoc's Papyrus of the Arsonist, a +0 robe, a +0 club
     0 | D:1      | Reached XP level 1. HP: 15/15 MP: 5/5
     1 | D:1      | Identified the Incunabulum of the Compass
     1 | D:1      | Identified Teemnoc's Papyrus of the Arsonist
   504 | D:1      | Reached XP level 2. HP: 22/22 MP: 7/7
   831 | D:1      | Reached skill level 1 in Dodging
  1228 | D:1      | Reached XP level 3. HP: 26/27 MP: 8/8
  2184 | D:2      | Noticed Natasha
  2198 | D:2      | Slain by Natasha

Vault maps used:
D:1:      dpeg_arrival_short_road
D:2:      grunt_temple_overflow_cloverleaf, uniq_natasha

Skill      XL: |  1  2 |
---------------+-------+-----
Fighting       | 2 |  2.6
Dodging        | 1 |  1.7
Axes           | |  1.5
Throwing       | |  1.0
Spellcasting   | |  4.0
Conjurations   | |  1.0
Earth Magic    | |  1.0
Evocations     | |  1.0

Action                   || total
-------------------------++-------
Melee: Club              ||    25
       Short sword       ||   134
Evoke: Wand              ||     3
  Use: Scroll            ||     5
 Stab: Sleeping          ||     1
Armor: Robe              ||    52
Dodge: Dodged            ||   142

Table legend:
 A = Spawn XP
 B = Non-spawn XP
 C = Spawn XP percentage of total XP
 D = Spawn monster count
 E = Non-spawn monster count
 F = Spawn count percentage of total count
 G = Total turns spent on level
                    A         B        C        D         E        F      G
               +---------+---------+-------+---------+---------+-------+---------
         Total |      11 |      67 |  14.1 |       6 |      30 |  16.7 |  2198
               +---------+---------+-------+---------+---------+-------+---------
           D:1 |      11 |      54 |  16.9 |       6 |      26 |  18.8 |  1892
           D:2 |       0 |      13 |   0.0 |       0 |       4 |   0.0 |   306
               +---------+---------+-------+---------+---------+-------+---------
